 Dungeon Crawl Stone Soup version 0.22.0-38-g04b72b8 (webtiles) character file.

6202 Marcoleric the Cleaver (level 10, 0/64 HPs)
             Began as a Gargoyle Fighter on Aug 27, 2018.
             Splashed by a brown ugly thing's acid (7 damage)
             ... on level 11 of the Dungeon.
             The game lasted 00:39:09 (9352 turns).

Marcoleric the Cleaver (Gargoyle Fighter)           Turns: 9352, Time: 00:39:10

Health: 0/64       AC: 14    Str: 24    XL:     10   Next: 92%
Magic:  10/10      EV: 10    Int: 15    God:    Xom [....*.]
Gold:   414        SH: 11    Dex:  9    Spells: 9/9 levels left

rFire    x . .     SeeInvis +   x - +0 war axe (flame)
rCold    + + .     Gourm    .   c - +0 shield
rNeg     + . .     Faith    .   b - +2 scale mail
rPois    ∞         Spirit   .   s - +2 helmet {SInv}
rElec    +         Reflect  .   (no cloak)
rCorr    .         Harm     .   (no gloves)
MR       +....     Rnd*Tele +   (no boots)
Stlth    ..........             (no amulet)
HPRegen  0.20/turn              y - ring of Idghusen {rC+ MR+ Int+7 Stlth-}
MPRegen  0.12/turn              o - ring of ice

@: corroded
A: talons 1, icy blue scales 1, blurry vision 1, mutation resistance 1, negative
energy resistance 1, electricity resistance, teleportitis 1, unbreathing,
petrification resistance, rot immunity, AC +7
a: Renounce Religion


You were on level 11 of the Dungeon.
You worshipped Xom.
You were a beloved toy of Xom.
You were not hungry.

You visited 2 branches of the dungeon, and saw 12 of its levels.

You collected 414 gold pieces.

Inventory:

Hand Weapons
 a - a +3 war axe
 x - a +0 war axe of flaming (weapon)
Armour
 b - a +2 scale mail (worn)
 c - a +0 shield (worn)
 l - a +0 scale mail
 p - a +0 helmet
 s - a +2 helmet of see invisible (worn)
Jewellery
 e - a cursed amulet of inaccuracy
 g - an uncursed ring of fire
 h - an uncursed ring of wizardry
 o - a ring of ice (right hand)
 y - the ring of Idghusen (left hand) {rC+ MR+ Int+7 Stlth-}
   (Xom gifted it to you on level 10 of the Dungeon)

   [ring of protection from cold]

   It affects your intelligence (+7).
   It protects you from cold.
   It affects your resistance to hostile enchantments.
   It makes you less stealthy.
Wands
 i - a wand of random effects (7)
 q - a wand of paralysis (33)
 v - a wand of scattershot (6)
Scrolls
 k - 5 scrolls of teleportation
Potions
 d - a potion of might
 j - a potion of agility
 n - 4 potions of curing
 r - 4 potions of brilliance
 t - 2 potions of degeneration
 u - 2 potions of mutation
 w - a potion of flight
Comestibles
 f - 13 rations


   Skills:
 + Level 7.9 Fighting
 + Level 9.7 Axes
 + Level 7.0 Armour
 + Level 3.8 Dodging
 + Level 2.3 Stealth
 + Level 8.4 Shields


You had 9 spell levels left.
You didn't know any spells.
Your spell library contained the following spells:

 Spells                   Type           Power        Failure   Level  Hunger
 Beastly Appendage        Tmut           #.....       80%         1    ##.....
 Corona                   Hex            #......      80%         1    ##.....
 Sandblast                Erth           #.....       80%         1    ##.....
 Ensorcelled Hibernation  Hex/Ice        #.....       91%         2    ###....
 Passwall                 Tmut/Erth      #.......     91%         2    ###....
 Sticks to Snakes         Tmut           #.......     91%         2    ###....
 Confuse                  Hex            #.......     99%         3    ####...
 Dazzling Spray           Conj/Hex       #.....       99%         3    ####...
 Spider Form              Tmut/Pois      #.........   99%         3    ####...
 Stone Arrow              Conj/Erth      #.....       99%         3    ####...
 Tukima's Dance           Hex            #.......     99%         3    ####...
 Ice Form                 Ice/Tmut       #.......     100%        4    #####..
 Petrify                  Tmut/Erth      #.......     100%        4    #####..
 Blade Hands              Tmut           #.........   100%        5    ######.
 Lee's Rapid Deconstruct  Erth           #.........   100%        5    ######.


Dungeon Overview and Level Annotations

Branches:
Dungeon (11/15)            Temple (1/1) D:6            Lair (0/6) D:9
    Orc: D:9-12

Altars:
Ashenzari
Cheibriados
Dithmenos
Elyvilon
Fedhas
Gozag
Hepliaklqana
Kikubaaqudgha
Makhleb
Okawaru
Qazlal
Ru
Sif Muna
Trog
Uskayaw
Vehumet
Wu Jian
Xom
Yredelemnul
Zin
The Shining One

Shops:
D:9 =

Annotations:
D:10 3 runed doors, Curus's ghost, journeyman HOAK


Innate Abilities, Weirdness & Mutations

You are resistant to torment.
Your stone body is resilient. (AC +7)
You are immune to poison.
You resist negative energy. (rN+)
You are resistant to electric shocks. (rElec)
You can survive without breathing.
You are immune to petrification.
You are immune to rotting.
You have sharp toenails.
You are partially covered in icy blue scales. (AC +2)
Scrolls take you a little longer to read.
You are somewhat resistant to further mutation.
You are occasionally teleported next to monsters.


Message History

You closely miss the brown ugly thing.
The worker ant twitches its antennae in your direction.
You claw the brown ugly thing, but do no damage.
The brown ugly thing is almost dead.
The brown ugly thing tail-slaps you!
You are splashed with acid!
The acid burns!
You barely miss the brown ugly thing.
The brown ugly thing is severely wounded.
The brown ugly thing tail-slaps you.
* * * LOW HITPOINT WARNING * * *
You are splashed with acid!
The acid burns!
* * * LOW HITPOINT WARNING * * *
The phantom blinks!
The brown ugly thing barely misses you.
There is a stone staircase leading up here.
The brown ugly thing tail-slaps you.
* * * LOW HITPOINT WARNING * * *
You are splashed with acid!
The acid burns!
You die...
Xom howls with laughter!

.#...............#
.................#
.................#
.#..............#
##.............#
##............#
#....W......#
##.u........#
#@a.......##
#####.....#
##..### ##... ..##
.## .#


You could see a brown ugly thing, a phantom and a worker ant.

Vanquished Creatures
  Joseph (D:8)
  A troll (D:10)
  A wyvern (D:7)
  A wraith (D:11)
  4 yaks (D:10)
  A warg (D:10)
  A water moccasin (D:7)
  3 porcupines (D:9)
  A sky beast (D:6)
  An ice beast (D:6)
  5 orc warriors
  A black bear (D:9)
  A necrophage (D:9)
  3 ogres
  2 centaurs
  2 big kobolds
  3 bullfrogs
  A wyvern skeleton (D:9)
  12 killer bees
  7 wights (D:7)
  A howler monkey (D:5)
  A crimson imp (D:3)
  A quasit (D:8)
  3 hounds
  4 orc priests
  A bullfrog skeleton (D:4)
  3 jellies
  9 orc wizards
  A centaur skeleton (D:9)
  A gnoll shaman (D:5)
  2 iguanas
  2 worker ants
  A hound zombie (D:7)
  A hound skeleton (D:5)
  4 gnolls (D:5)
  9 adders
  2 shadow imps
  An adder zombie (D:9)
  2 oozes (D:2)
  An adder skeleton (D:5)
  5 worms
  2 dart slugs (D:1)
  6 leopard geckos
  38 orcs
  5 giant cockroaches
  8 goblins
  16 hobgoblins
  4 jackals
  10 kobolds
  3 quokkas
  5 bats
  4 frilled lizards
  A giant cockroach zombie (D:6)
  A leopard gecko skeleton (D:4)
  A quokka skeleton (D:6)
  14 rats
  2 fungi (D:9)
  A plant (D:9)
228 creatures vanquished.

Vanquished Creatures (collateral kills)
  Harold (D:9)
  Duvessa (D:4)
  An ogre (D:4)
  Dowan (D:4)
  A scorpion (D:4)
  A howler monkey (D:4)
  2 hounds (D:4)
  A hound skeleton (D:4)
  An adder (D:4)
  2 orcs (D:4)
  2 kobolds (D:10)
14 creatures vanquished.

Vanquished Creatures (others)
  3 fungi (D:9)
  3 plants (D:9)
6 creatures vanquished.

Grand Total: 248 creatures vanquished

Notes
Turn   | Place    | Note
-------+----------+-------------------------------------------
     0 | D:1      | Marcoleric the Gargoyle Fighter began the quest for the Orb.
     0 | D:1      | Reached XP level 1. HP: 14/14 MP: 1/1
   256 | D:1      | Reached XP level 2. HP: 19/19 MP: 2/2
   390 | D:1      | Reached skill level 2 in Axes
   427 | D:1      | Reached XP level 3. HP: 21/24 MP: 3/3
   998 | D:2      | Reached XP level 4. HP: 29/29 MP: 4/4
  1180 | D:2      | Found a hide-covered altar of Uskayaw.
  1180 | D:2      | Found a shimmering altar of Xom.
  1186 | D:2      | Became a worshipper of Xom of Chaos
  1209 | D:2      | XOM: potion effect (brilliance)
  1258 | D:2      | Noticed a moth of wrath
  1261 | D:2      | Found a bloodstained altar of Trog.
  1282 | D:2      | HP: 1/29 [worm (8)]
  1282 | D:2      | XOM: butterfly on damage
  1563 | D:2      | XOM: silly message
  1684 | D:2      | Reached skill level 3 in Axes
  1877 | D:3      | XOM: divination: detect items
  1889 | D:3      | Reached XP level 5. HP: 29/33 MP: 5/5
  1948 | D:3      | XOM: cast spell 'Summon Small Mammal'
  2272 | D:3      | XOM: give mutations
  2272 | D:3      | Gained mutation: You are frail. (-10% HP) [Xom's mischief]
  2272 | D:3      | Gained mutation: You occasionally shout uncontrollably at your foes. [Xom's mischief]
  2272 | D:3      | Gained mutation: Scrolls take you a little longer to read. [Xom's mischief]
  2401 | D:4      | Noticed Duvessa
  2402 | D:4      | Noticed Dowan
  2403 | D:4      | XOM: summons friendly crimson imp
  2416 | D:4      | Killed Duvessa
  2416 | D:4      | Reached skill level 1 in Dodging
  2416 | D:4      | Reached XP level 6. HP: 29/34 MP: 6/6
  2417 | D:4      | Reached skill level 4 in Axes
  2421 | D:4      | Killed Dowan
  2568 | D:4      | Reached XP level 7. HP: 38/39 MP: 7/7
  2676 | D:4      | Found an ornate altar of the Wu Jian Council.
  2743 | D:4      | Reached skill level 5 in Axes
  2874 | D:4      | XOM: polymorph leopard gecko -> jackal
  2930 | D:4      | Found a glowing silver altar of Zin.
  3014 | D:4      | Found a white marble altar of Elyvilon.
  3216 | D:5      | Entered Level 5 of the Dungeon
  3272 | D:5      | XOM: polymorph orc -> quokka
  3613 | D:5      | Found an iron altar of Okawaru.
  3676 | D:5      | Found a radiant altar of Vehumet.
  3748 | D:5      | Found a glowing golden altar of the Shining One.
  3963 | D:5      | XOM: god gift: 3 rations
  3970 | D:5      | Reached skill level 1 in Stealth
  3970 | D:5      | Reached skill level 5 in Shields
  3972 | D:5      | Reached XP level 8. HP: 40/43 MP: 8/8
  4315 | D:6      | XOM: scenery: create altars
  4389 | D:6      | Found a staircase to the Ecumenical Temple.
  4399 | Temple   | Entered the Ecumenical Temple
  4553 | D:6      | XOM: god gift: 18 gold pieces
  4568 | D:6      | XOM: confuse monster(s)
  4569 | D:6      | Reached skill level 5 in Armour
  4583 | D:6      | Reached skill level 6 in Axes
  4597 | D:6      | XOM: cast spell 'Disjunction'
  4604 | D:6      | Reached skill level 5 in Fighting
  4711 | D:6      | XOM: cleaving
  4993 | D:6      | XOM: summons friendly crimson imp
  5013 | D:6      | XOM: swap monsters
  5016 | D:6      | HP: 1/44 [orc warrior/mace (8)]
  5017 | D:6      | XOM: silly message
  5030 | D:6      | XOM: smoke on damage
  5332 | D:7      | Reached skill level 7 in Axes
  5341 | D:7      | XOM: 1-stop teleportation journey
  5349 | D:7      | XOM: polymorph centaur -> water moccasin
  5457 | D:7      | XOM: noise
  5508 | D:7      | Reached XP level 9. HP: 33/48 MP: 9/9
  5594 | D:7      | XOM: 1-stop teleportation journey
  5713 | D:7      | XOM: give mutation
  5713 | D:7      | Gained mutation: Scrolls take you longer to read. [Xom's mischief]
  5746 | D:7      | XOM: harmless Tloc miscast
  5796 | D:7      | XOM: harmless Conj miscast
  5829 | D:7      | XOM: harmless Summ miscast
  5868 | D:7      | Lost mutation: You are frail. (-10% HP) [potion of mutation]
  5868 | D:7      | Lost mutation: You occasionally shout uncontrollably at your foes. [potion of mutation]
  5868 | D:7      | Lost mutation: Scrolls take you longer to read. [potion of mutation]
  5868 | D:7      | Gained mutation: You have sharp toenails. [potion of mutation]
  5868 | D:7      | Gained mutation: You are partially covered in icy blue scales. (AC +2) [potion of mutation]
  5868 | D:7      | Gained mutation: You are occasionally teleported next to monsters. [potion of mutation]
  5868 | D:7      | Gained mutation: You are somewhat resistant to further mutation. [potion of mutation]
  6165 | D:7      | XOM: harmless Ice miscast
  6178 | D:7      | XOM: smoke on damage
  6270 | D:7      | XOM: blink monster(s)
  6287 | D:7      | XOM: chaos cloud
  6351 | D:7      | XOM: mild Hex miscast
  6452 | D:8      | Noticed Joseph
  6460 | D:8      | XOM: harmless Pois miscast
  6464 | D:8      | XOM: fake destruction
  6473 | D:8      | Killed Joseph
  6473 | D:8      | Reached skill level 8 in Axes
  6663 | D:8      | XOM: confusion
  6671 | D:8      | XOM: 5-stop teleportation journey
  6853 | D:8      | XOM: butterfly on damage
  6856 | D:8      | XOM: enchant monster (bad)
  6863 | D:8      | XOM: summons 4 hostile demons
  6869 | D:8      | Xom revived you
  6880 | D:8      | XOM: 3-stop teleportation journey
  7155 | D:9      | Found Zownar's Jewellery Shop.
  7165 | D:9      | Noticed Harold
  7165 | D:9      | XOM: confusion
  7180 | D:9      | XOM: summons 4 hostile demons
  7181 | D:9      | Noticed a red devil
  7188 | D:9      | XOM: scenery: 1 doors close
  7196 | D:9      | XOM: enchant monster (good)
  7201 | D:9      | Killed Harold
  7201 | D:9      | Reached XP level 10. HP: 6/61 MP: 10/10
  7515 | D:9      | Found a blossoming altar of Fedhas.
  7516 | D:9      | XOM: summons 5 hostile demons
  7517 | D:9      | Noticed an orange demon
  7673 | D:9      | Found a burning altar of Makhleb.
  7739 | D:9      | Found a deep blue altar of Sif Muna.
  7965 | D:9      | XOM: blink monster(s)
  7967 | D:9      | Reached skill level 9 in Axes
  8267 | D:9      | Found a staircase to the Lair.
  8333 | D:10     | Entered Level 10 of the Dungeon
  8348 | D:10     | XOM: polymorph scorpion -> warg
  8482 | D:10     | XOM: enchant monster (bad)
  8709 | D:10     | XOM: potion effect (brilliance)
  8710 | D:10     | XOM: cleaving
  8755 | D:10     | XOM: god gift: fine granite ring {god gift}
  8758 | D:10     | Got a fine granite ring {god gift}
  8903 | D:10     | Found a runed gate.
  8903 | D:10     | Found a runed gate.
  8903 | D:10     | Found a runed gate.
  8917 | D:10     | XOM: summons friendly ufetubus
  9089 | D:10     | Noticed Curus's ghost (journeyman HOAK)
  9140 | D:10     | Noticed an orc knight
  9319 | D:11     | Identified the ring of Idghusen {rC+ MR+ Int+7 Stlth-} (Xom gifted it to you on level 10 of the Dungeon)
  9325 | D:11     | Noticed a brown ugly thing
  9346 | D:11     | XOM: destruction
  9352 | D:11     | Splashed by a brown ugly thing's acid

Skill      XL: |  1  2  3  4  5  6  7  8  9 10 |
---------------+-------------------------------+-----
Axes           | 2 3 4 5 7 8 9 |  9.7
Armour         | 4 5 6 7 |  7.0
Fighting       | 4 5 6 7 |  7.9
Dodging        | 1 2 3 |  3.8
Shields        | 4 5 7 8 |  8.4
Stealth        | 1 2 |  2.3

Action                   |  1- 3 |  4- 6 |  7- 9 | 10-12 || total
-------------------------+-------+-------+-------+-------++-------
Melee: War axe           |   128 |   135 |   388 |   214 ||   865
       Kick              |       |       |    30 |    60 ||    90
  Use: Potion            |     2 |     1 |     7 |     1 ||    11
       Scroll            |     1 |     5 |    15 |     4 ||    25
 Stab: Confused          |       |       |     1 |       ||     1
       Distracted        |       |       |       |     2 ||     2
  Eat: Ration            |       |     1 |     5 |     2 ||     8
       Chunk             |       |     1 |     2 |       ||     3
Armor: Scale mail        |   105 |    62 |   211 |   116 ||   494
Dodge: Dodged            |    61 |    44 |   174 |   112 ||   391
Block: Shield            |    79 |    58 |   246 |   139 ||   522
